Map: Lerilak Crest

Players

Ryder

  • Race: Terran Terran
  • League: Silver

SticklerMac - Winner!

  • Race: Zerg Zerg
  • League: Silver

VOD

Have the link to the VOD?

Description

Time

  • Played on: Oct. 1, 2015, 3:26 p.m.
  • Length: 6:10
Show
View Real Time Build Order
Export as new Build Order

Ryder Terran 

Build Orders: Reaper Expand 

Get SALT Encoding   

  12  0:00  SCV  
  13  0:12  SCV  
  14  0:18  Supply Depot  
  14  0:25  SCV  
  15  0:39  SCV  
  15  0:40  Barracks  
  16  0:47  Refinery  
  16  0:51  SCV  
  17  1:03  SCV  
  18  1:16  SCV  
  19  1:28  Orbital Command  
  19  1:30  Reaper  
  20  1:40  Command Center  
  20  1:55  Supply Depot  
  20  1:59  SCV  
  21  2:03  Barracks Reactor  
  21  2:09  Refinery  
  21  2:11  SCV  
  22  2:25  SCV, Factory  
  23  2:38  SCV  
  24  2:51  Marine x2  
  24  2:52  SCV  
  24  2:56  Orbital Command  
  24  2:58  Bunker  
  27  3:04  SCV  
  28  3:09  Marine x2  
  28  3:11  Factory Tech Lab  
  29  3:15  Starport  
  29  3:18  SCV  
  30  3:24  SCV  
  31  3:27  Marine  
  31  3:29  Marine  
  31  3:30  SCV  
  34  3:36  SCV  
  35  3:41  Siege Tank  
  35  3:42  SCV  
  35  3:46  Supply Depot  
  40  3:53  Medivac  
  40  3:54  SCV  
  40  3:55  SCV  
  43  3:57  Barracks  
  43  4:06  SCV  
  43  4:07  SCV, Supply Depot  
  43  4:09  Barracks Reactor  
  45  4:13  Supply Depot  
  45  4:19  SCV x2, Siege Tank  
  45  4:24  Medivac  
  52  4:31  SCV x2  
  53  4:36  Supply Depot  
  53  4:38  Supply Depot  
  54  4:43  SCV x2  
  56  4:53  Supply Depot  
  56  4:55  SCV x2  
  58  5:03  Marine  
  58  5:04  Siege Tank  
  61  5:12  Command Center, Marine  
  62  5:15  Medivac, Marine  
  63  5:21  Marine  
  59  5:30  Marine  
  59  5:33  Marine  
  54  5:39  Marine  
  54  5:40  SCV x2  
  53  5:46  Supply Depot  
  53  5:48  Supply Depot, Marine  
  53  5:49  Supply Depot  
  52  5:50  Marine  
  52  5:52  SCV x2  
Show
View Real Time Build Order
Export as new Build Order

SticklerMac Zerg - Winner!

Build Orders: Hatch First, Zergling Baneling 

Get SALT Encoding   

  12  0:01  Drone  
  13  0:12  Overlord  
  13  0:17  Drone  
  14  0:34  Drone  
  14  0:35  Drone x2  
  17  0:56  Hatchery  
  16  0:58  Drone  
  16  1:00  Drone  
  18  1:04  Extractor  
  18  1:07  Drone  
  18  1:21  Spawning Pool  
  18  1:24  Drone  
  18  1:29  Drone  
  19  1:40  Drone  
  20  1:57  Drone  
  21  2:02  Drone  
  21  2:08  Overlord  
  22  2:12  Drone  
  23  2:16  Metabolic Boost  
  23  2:17  Queen  
  23  2:18  Queen  
  27  2:23  Extractor  
  27  2:27  Drone x2  
  28  2:34  Extractor  
  27  2:38  Zergling x4  
  29  2:45  Drone x2  
  31  2:54  Queen  
  32  3:16  Drone x2  
  32  3:17  Drone x2  
  36  3:22  Overlord x2  
  36  3:40  Queen  
  38  3:43  Hatchery  
  38  3:44  Drone x3  
  38  3:45  Drone  
  41  3:48  Drone  
  41  3:55  Zergling x2  
  43  3:56  Baneling Nest  
  43  4:00  Zergling x4  
  43  4:02  Zergling x2  
  45  4:04  Zergling x2  
  45  4:07  Zergling x2  
  47  4:15  Zergling x6  
  47  4:16  Zergling x4  
  52  4:29  Overlord x3  
  52  4:33  Overlord  
  52  4:40  Baneling x2  
  52  4:41  Baneling x7  
  52  4:42  Baneling x3  
  52  4:43  Baneling  
  52  4:54  Queen x2  
  56  5:03  Zergling x2  
  56  5:04  Zergling x8  
  53  5:28  Zergling x2  
  53  5:29  Zergling x20  
  53  5:30  Zergling x6  
  65  5:36  Baneling  
  65  5:37  Baneling x7  
  63  5:46  Zergling x2  
  63  5:47  Zergling x4  
Tags
 
Add a new tag
Caveats
  • Supply blocks, unpowered buildings, or Contaminate may cause inaccurate times.
  • Supply counts are checked every 10 seconds.